 Dungeon Crawl Stone Soup version 0.17-a0-1951-g62301d3 (webtiles) character file.

402 mcbry74 the Magician (level 6, -2/38 HPs)
             Began as a High Elf Wizard on Oct 1, 2015.
             Was an Initiate of Sif Muna.
             Killed by divine providence
             ... invoked by an orc priest
              (10 damage)
             ... on level 4 of the Dungeon on Oct 2, 2015.
             The game lasted 00:52:33 (5769 turns).

mcbry74 the Magician (High Elf Wizard)              Turns: 5769, Time: 00:52:33

Health: -2/38      AC:  7    Str:  6    XL:     6   Next: 55%
Magic:  8/16       EV: 12    Int: 25    God:    Sif Muna [......]
Gold:   66         SH:  0    Dex: 13    Spells: 5 memorised, 6 levels left

rFire  x . .     SeeInvis +     r - +0 long sword
rCold  + . .     Clarity  .     B - +1 leather armour of Ditienere {SInv}
rNeg   . . .     SustAt   .     (no shield)
rPois  .         Gourm    .     w - +1 hat
rElec  .         Spirit   .     (no cloak)
rCorr  .         Warding  .     g - +0 pair of gloves
rMut   .         Stasis   .     m - +0 pair of boots
MR     .....                    k - amulet of rage
Stlth  +.........               x - ring of flight
                                u - ring of ice

@: confused, very slightly contaminated, not resistant to hostile enchantments,
very unstealthy
A: no striking features
a: Renounce Religion, Evoke Berserk Rage, Evoke Flight


You were on level 4 of the Dungeon.
You worshipped Sif Muna.
Sif Muna was noncommittal.
You were not hungry.

You visited 2 branches of the dungeon, and saw 5 of its levels.

You collected 66 gold pieces.

Inventory:

Hand weapons
 j - a +1 dagger of flaming
 o - a +2 vampiric dagger
 r - a +0 long sword (weapon)
Missiles
 v - a throwing net (quivered)
 y - 3 tomahawks
Armour
 g - a +0 pair of gloves (worn)
 m - a +0 pair of boots (worn)
 w - a +1 hat (worn)
 B - the +1 leather armour of Ditienere (worn) {SInv}
   (You found it on level 4 of the Dungeon)

   It lets you see invisible.
Jewellery
 k - an amulet of rage (around neck)
 u - a ring of ice (left hand)
 x - a ring of flight (right hand)
Magical devices
 s - a wand of slowing (12)
Scrolls
 i - 2 scrolls of identify
 l - 2 scrolls of magic mapping
 n - a scroll of remove curse
 t - a scroll of fear {unknown}
 C - 2 scrolls of random uselessness {unknown}
 D - a scroll of recharging {unknown}
Potions
 z - 2 potions of haste
Books
 c - a book of Minor Magic

   Spells                             Type                      Level
   a - Magic Dart                     Conjuration                  1
   b - Blink                          Translocation                2
   c - Call Imp                       Summoning                    2
   d - Repel Missiles                 Charms/Air                   2
   e - Slow                           Hexes                        2
   f - Conjure Flame                  Conjuration/Fire             3
   g - Mephitic Cloud                 Conjuration/Poison/Air       3
 q - a Fen Folio

   Spells                             Type                      Level
   a - Corpse Rot                     Necromancy                   2
   b - Stone Arrow                    Conjuration/Earth            3
   c - Leda's Liquefaction            Hexes/Earth                  4
   d - Summon Forest                  Summoning/Translocation      5
   e - Hydra Form                     Transmutation                6
   f - Summon Hydra                   Summoning                    7
Comestibles
 d - a fruit
 p - 2 bread rations
 A - a meat ration


   Skills:
 + Level 1.4 Fighting
 + Level 0.5(1.2) Short Blades
 + Level 1.6(1.7) Long Blades
 + Level 3.5 Dodging
 + Level 3.0 Stealth
 * Level 6.2 Spellcasting
 + Level 2.5 Conjurations
 + Level 0.8 Summonings
 + Level 1.2 Translocations
 + Level 0.2 Fire Magic
 + Level 1.3 Air Magic
 + Level 0.2 Poison Magic


You had 6 spell levels left.
You knew the following spells:

 Your Spells              Type           Power        Failure   Level  Hunger
a - Magic Dart            Conj           ###.         4%          1    None
b - Call Imp              Summ           ##......     14%         2    None
c - Mephitic Cloud        Conj/Pois/Air  ##......     24%         3    None
d - Conjure Flame         Conj/Fire      #.......     24%         3    None
e - Blink                 Tloc           N/A          12%         2    None


Dungeon Overview and Level Annotations

Branches:
Dungeon (4/15)             Temple (1/1) D:4

Altars:
Cheibriados
Elyvilon
Gozag
Kikubaaqudgha
Makhleb
Nemelex Xobeh
Okawaru
Ru
Sif Muna
Trog
Vehumet
Xom

Shops:
D:4 *


Message History

The orc priest appears confused.
The orc priest barely misses you.
The orc priest is engulfed in noxious fumes.
The orc priest appears confused.
The orc priest mumbles some strange prayers to Beogh against you.
Something smites you!
* * * LOW HITPOINT WARNING * * *
Drink which item? (? for menu, Esc to quit)
Okay, then.
Read which item? (? for menu, Esc to quit)
Okay, then.
Casting: Mephitic Cloud
Confirm with . or Enter, or press ? or * to list all spells.
You blink.
You are engulfed in noxious fumes.
You choke on the stench!
You are confused.
* * * LOW HITPOINT WARNING * * *
The orc priest is engulfed in noxious fumes.
The orc priest appears confused.
The orc priest mumbles some strange prayers to Beogh against you.
Something smites you!
You die...

#.# #o.........# #.#
#...#.#....# ### #.#
#..#.#.#..## ##.###.#
#.#.#.#.#.# ....##.####
#..#.>.#..#
......[...#####.#.#.#.#.#
#...#####.#.§.#..#.#.#..#
##)## #.#.#oo.§.#.#...######
....# #.#...#.@o...........#
###.#####.##.##.##.#..######.#
# #.............##...## #.#
###.#####.##.#####.### ##.##
..<.# ###.##.# #.# ##...##
#.### #......# #.#
#####.....## #.# #.#.#### #.#
#........... #.# #.#.# #.#
#.###.....## #.# #.#.# #.# #.#
##...##


You could see 3 orc priests.

Vanquished Creatures
  A scorpion (D:4)
  A jelly (D:4)
  An orc priest (D:4)
  A worker ant (D:4)
  An orc wizard (D:4)
  7 adders
  7 gnolls
  2 adder skeletons (D:4)
  4 worms
  A giant gecko (D:2)
  13 orcs
  2 ball pythons
  10 goblins
  10 hobgoblins
  6 kobolds
  11 bats
  4 giant cockroaches
  6 giant newts
  3 quokkas
  9 rats
100 creatures vanquished.

Notes
Turn   | Place    | Note
--------------------------------------------------------------
     0 | D:1      | mcbry74 the High Elf Wizard began the quest for the Orb.
     0 | D:1      | Reached XP level 1. HP: 11/11 MP: 6/6
     6 | D:1      | Noticed an iguana
     6 | D:1      | Noticed a brain worm
     6 | D:1      | Noticed a queen ant
     6 | D:1      | Noticed a stone giant
   156 | D:1      | Reached skill level 4 in Spellcasting
   179 | D:1      | Reached XP level 2. HP: 17/17 MP: 1/8
   183 | D:1      | Learned a level 2 spell: Call Imp
  1193 | D:2      | Reached XP level 3. HP: 12/21 MP: 10/10
  1203 | D:2      | Learned a level 3 spell: Mephitic Cloud
  1242 | D:2      | Learned a level 3 spell: Conjure Flame
  1245 | D:2      | Learned a level 2 spell: Blink
  1656 | D:2      | Reached skill level 5 in Spellcasting
  1656 | D:2      | Reached XP level 4. HP: 27/27 MP: 6/12
  2852 | D:3      | Found a glowing drain.
  3152 | D:3      | Reached XP level 5. HP: 32/32 MP: 5/13
  3433 | D:3      | Reached skill level 1 in Air Magic
  3838 | D:3      | Reached skill level 1 in Long Blades
  4168 | D:3      | Found a shimmering altar of Xom.
  4171 | D:3      | Found a snail-covered altar of Cheibriados.
  4183 | D:3      | Found a sparkling altar of Nemelex Xobeh.
  4197 | D:3      | Found a bloodstained altar of Trog.
  4488 | D:4      | Got a translucent leather armour
  4499 | D:4      | Identified the +1 leather armour of Ditienere {SInv} (You found it on level 4 of the Dungeon)
  4519 | D:4      | Found a staircase to the Ecumenical Temple.
  4528 | Temple   | Entered the Ecumenical Temple
  4572 | Temple   | Became a worshipper of Sif Muna the Loreminder
  4639 | D:4      | Reached XP level 6. HP: 37/37 MP: 4/15
  4858 | D:4      | Reached skill level 1 in Fighting
  5300 | D:4      | Reached skill level 6 in Spellcasting
  5401 | D:4      | Upgraded the game from 0.17-a0-1946-gfb768fe to 0.17-a0-1951-g62301d3
  5401 | D:4      | Found Tywimpacw's Assorted Antiques.
  5769 | D:4      | Killed from afar by an orc priest

Vault maps used:
D:1:      onia_arrival_zoo_common
D:2:      first_bread
D:3:      grunt_temple_overflow_cloverleaf, portal_sewer_entry_b
D:4:      minmay_temple_entry_grid, serial_shops, shop_fountains
Temple:   temple_eino_lava_8

Action                   |  1- 3 |  4- 6 || total
-------------------------+-------+-------++-------
Melee: Short sword       |    14 |       ||    14
       Dagger            |    52 |     9 ||    61
       Long sword        |       |   139 ||   139
Throw: Throwing net      |       |     5 ||     5
 Cast: Magic Dart        |    55 |    85 ||   140
       Mephitic Cloud    |     3 |    15 ||    18
       Conjure Flame     |     1 |     5 ||     6
       Blink             |     1 |     2 ||     3
  Use: Potion            |       |     3 ||     3
       Scroll            |       |     5 ||     5
 Stab: Confused          |     1 |     3 ||     4
       Held in net/web   |       |     2 ||     2
  Eat: Bread ration      |     1 |     1 ||     2
       Pizza             |     1 |       ||     1
       Meat ration       |     1 |       ||     1
       Chunk             |       |     2 ||     2
       Fruit             |       |     4 ||     4
